Description

this is a 3 cc timing attack utilizing 16 marine drop and finsihing with the 2/2 timing push with marine tank medi and lib

Build Order

Get SALT Encoding   

  14  0:18  Supply Depot  
  16  0:43  Barracks  
  16  0:45  Refinery  
  19  1:30  Orbital Command  
  19  1:31  Reaper  
  20  1:46  Command Center  
  20  1:55  Supply Depot  
  21  2:00  Marine  
  23  2:15  Factory  
  23  2:20  Refinery  
  24  2:22  Barracks Reactor  
  26  2:58  Orbital Command  
  26  3:02  Starport  
  26  3:03  Action  switch factory and barracks
  26  3:10  Hellion x2  
  30  3:11  Barracks Tech Lab  
  30  3:12  Supply Depot  
  32  3:28  Hellion x2  
  37  3:39  Liberator  
  41  3:45  Stimpack  
  43  3:57  Hellion  
  47  4:00  Supply Depot  constant production
  52  4:24  Command Center  
  52  4:25  Factory Tech Lab  
  54  4:37  Barracks x2  one on reactor one by starport start marine production for push
  55  5:06  Engineering Bay x2  
  55  5:07  Refinery x2  
  55  5:15  Action  when reactor finishes on port switch rax
  55  5:17  Starport Reactor  
  55  5:41  Combat Shield  
  55  5:43  Terran Infantry Armor Level 1, Terran Infantry Weapons Level 1  
  55  6:05  Medivac x2  
  55  7:00  Action  16 marine drop. try to deny creep/bases damage for push
  107  7:08  Armory, Barracks x2  at 50% 1/1 completion
  108  7:22  Refinery x2  
  108  8:23  Terran Infantry Weapons Level 2, Terran Vehicle Weapons Level 1, Terran Infantry Armor Level 2  
  108  8:38  Command Center  
  108  9:25  Liberator x2  
  175  9:30  Action  175 production push as 2/2 finshes follow up with 3/3
Spawning Tool Build Advisor. Get it on Overwolf

Go to:

Details

  • Created by: realgravity620
  • Published on: Jun 28, 2019
  • Modified on: Jun 28, 2019
  • Patch: 4.7.1
Show
View Real Time Build Order
Export as new Build Order

Comments (0)

There are no comments. Be the first!

Create an account to comment!